 Dungeon Crawl Stone Soup version 0.22-a0-433-gd2a9cce (webtiles) character file.

1794 Megalobster the Ruffian (level 8, -1/66 HPs)
             Began as a Yellow Draconian Transmuter on May 26, 2018.
             Was a Follower of Okawaru.
             Slain by Jynxie's ghost (3 damage)
             ... on level 7 of the Dungeon on May 27, 2018.
             The game lasted 00:32:12 (7239 turns).

Megalobster the Ruffian (DrTm)                      Turns: 7239, Time: 00:32:13

Health: -1/66      AC:  8    Str: 15    XL:     8   Next: 82%
Magic:  10/13      EV: 15    Int: 13    God:    Okawaru [*.....]
Gold:   145        SH:  0    Dex: 12    Spells: 8/14 levels left

rFire    . . .     SeeInvis +     - Unarmed
rCold    . . .     Gourm    .   (no shield)
rNeg     + . .     Faith    .   (armour unavailable)
rPois    .         Spirit   .   y - +0 hat {SInv}
rElec    .         Reflect  .   h - +0 cloak
rCorr    +         Harm     .   t - +0 pair of gloves
MR       .....                  (boots currently unavailable)
Stlth    +.........             (no amulet)
HPRegen  0.21/turn              q - +1 ring of evasion
MPRegen  0.13/turn              v - ring of positive energy (curse)

@: short of breath, appendage, slowed, very slow
A: spit acid, acid resistance, unfitting armour, talons 3, cold-blooded, AC +6
a: Breathe Acid, End Transformation, Heroism, Renounce Religion


You were on level 7 of the Dungeon.
You worshipped Okawaru.
Okawaru was aware of your devotion.
You were hungry.
You had grown temporary talons.
You visited 2 branches of the dungeon, and saw 8 of its levels.

You collected 317 gold pieces.
You spent 172 gold pieces at shops.

Inventory:

Hand Weapons
 d - a +0 dagger
 j - a +1 mace of freezing
 p - a +1 whip of venom
 r - a +2 flail of protection
Missiles
 a - 10 arrows
 e - 139 stones (quivered)
 s - 2 throwing nets {!f}
 x - 5 tomahawks
 D - 18 sling bullets
Armour
 h - a +0 cloak (worn)
 t - a +0 pair of gloves (worn)
 y - a +0 hat of see invisible (worn)
Jewellery
 m - an uncursed ring of stealth
 q - a +1 ring of evasion (left hand)
 v - a cursed ring of positive energy (right hand)
 A - an uncursed ring of positive energy
 E - an uncursed amulet of magic regeneration {unknown}
Wands
 o - a wand of random effects (34)
 K - a wand of paralysis (16)
Scrolls
 b - a scroll of blinking {unknown}
 g - 2 scrolls of remove curse {@r2}
 i - 2 scrolls of magic mapping
 k - 3 scrolls of amnesia
 l - 6 scrolls of teleportation
 n - 2 scrolls of fog
 z - a scroll of enchant armour {unknown}
 B - a scroll of vulnerability {unknown}
 G - a scroll of immolation {unknown}
 H - a scroll of holy word {unknown}
 I - a scroll of silence {unknown}
 J - 2 scrolls of random uselessness {unknown}
Potions
 f - a potion of brilliance
 u - 2 potions of haste {unknown}
 w - 2 potions of mutation
 C - 2 potions of curing {@q1}
 F - a potion of heal wounds {unknown}
Comestibles
 c - 5 rations


   Skills:
 + Level 3.9 Fighting
 + Level 5.0 Dodging
 * Level 6.6 Unarmed Combat
 - Level 3.9 Spellcasting
 * Level 5.8 Transmutations
 - Level 3.0 Invocations


You had 8 spell levels left.
You knew the following spells:

 Your Spells              Type           Power        Failure   Level  Hunger
a - Beastly Appendage     Tmut           ###...       1%          1    None
b - Sticks to Snakes      Tmut           ###.....     2%          2    ##.....
c - Spider Form           Tmut/Pois      ##........   19%         3    ###....

Your spell library contained the following spells:

 Spells                   Type           Power        Failure   Level  Hunger
 Blade Hands              Tmut           ###.......   45%         5    ######.
 Ice Form                 Ice/Tmut       ##......     52%         4    ####...


Dungeon Overview and Level Annotations

Branches:
Dungeon (7/15)             Temple (1/1) D:5

Altars:
Ashenzari
Elyvilon
Fedhas
Hepliaklqana
Kikubaaqudgha
Makhleb
Nemelex Xobeh
Okawaru
Qazlal
Ru
Sif Muna
Trog
Uskayaw
Vehumet
Wu Jian
Xom
Zin
The Shining One
Lugonu

Shops:
D:6 *

Annotations:
D:5 2 transporters
D:7 Jynxie's ghost, journeyman FoAK


Innate Abilities, Weirdness & Mutations

You can spit globs of acid.
You are resistant to acid.
Your golden yellow scales are hard. (AC +6)
You cannot fit into any form of body armour.
You are cold-blooded and may be slowed by cold attacks.
You have claws for feet.


Message History

You barely miss Jynxie's ghost.
You claw Jynxie's ghost, but do no damage.
You tail-slap Jynxie's ghost, but do no damage.
Jynxie's ghost is lightly damaged.
Jynxie's ghost hits you!
You feel yourself slow down. Jynxie's ghost freezes you.
You take 15 damage, and have 30/66 hp.
MASSIVE DAMAGE!!
You hit Jynxie's ghost but do no damage.
Jynxie's ghost is lightly damaged.
Jynxie's ghost hits you!
You feel as though you will be slow longer.
Jynxie's ghost freezes you.
* * * LOW HITPOINT WARNING * * *
You take 13 damage, and have 17/66 hp.
Jynxie's ghost hits you!
* * * LOW HITPOINT WARNING * * *
You feel as though you will be slow longer.
Jynxie's ghost freezes you.
You die...

##.......##
##.........##
##...........##
#.............###
#..........>.#..<#
....##.......o.###
...# ###(......#
... ###.....W.#
###....###@.#
#....### #..#
#.....## #..#
......... #..#
.......... ##.#
........... .#
..#......... .# .
#.......... .#
#..........#


You could see an orc wizard and Jynxie's ghost.

Vanquished Creatures
  Sigmund (D:5)
  Purgy (D:3)
  A black bear (D:6)
  An ogre (D:4)
  A centaur (D:7)
  2 bullfrogs (D:6)
  The ghost of KristoblXynda the Shield-Bearer, a weakling DDFi (D:3)
  A howler monkey (D:6)
  A wight (D:7)
  2 crimson imps
  A bullfrog zombie (D:7)
  A jelly (D:6)
  A centaur skeleton (D:6)
  5 orc wizards
  Jessica (D:6)
  8 worker ants
  3 iguanas
  A killer bee zombie (D:6)
  8 gnolls (D:3)
  8 adders
  2 river rats (D:3)
  An ooze (D:3)
  An adder skeleton (D:5)
  2 worms
  5 dart slugs
  A leopard gecko (D:4)
  11 orcs
  14 bats
  7 giant cockroaches
  13 goblins
  6 hobgoblins
  8 jackals
  3 quokkas
  A ball python (D:4)
  5 frilled lizards
  8 kobolds
  2 quokka skeletons (D:5)
  9 rats
148 creatures vanquished.

Vanquished Creatures (collateral kills)
  An orc warrior (D:6)
  An orc priest (D:3)
  An orc wizard (D:3)
  An iguana (D:6)
  2 orcs
6 creatures vanquished.

Grand Total: 154 creatures vanquished

Notes
Turn   | Place    | Note
-------+----------+-------------------------------------------
     0 | D:1      | Megalobster the Draconian Transmuter began the quest for the Orb.
     0 | D:1      | Reached XP level 1. HP: 16/16 MP: 3/3
   189 | D:1      | Reached XP level 2. HP: 22/23 MP: 5/5
   847 | D:1      | Reached XP level 3. HP: 28/28 MP: 6/6
   886 | D:1      | Learned a level 2 spell: Sticks to Snakes
  1562 | D:2      | Reached XP level 4. HP: 28/35 MP: 5/7
  1654 | D:2      | Found a blossoming altar of Fedhas.
  1655 | D:2      | Found a shimmering altar of Xom.
  1795 | D:2      | Found a bloodstained altar of Trog.
  1795 | D:2      | Found a stormy altar of Qazlal.
  1796 | D:2      | Found a sparkling altar of Nemelex Xobeh.
  2190 | D:3      | Reached skill level 4 in Unarmed Combat
  2193 | D:3      | Reached XP level 5. HP: 12/40 MP: 2/8
  2476 | D:3      | Found an ornate altar of the Wu Jian Council.
  2543 | D:3      | Found a white marble altar of Elyvilon.
  2585 | D:3      | Found a glowing drain.
  2585 | D:3      | Noticed KristoblXynda's ghost (weakling DDFi)
  2636 | D:3      | Killed KristoblXynda's ghost
  2943 | D:3      | Reached XP level 6. HP: 42/47 MP: 8/10
  2987 | D:3      | Found a sacrificial altar of Ru.
  3235 | D:3      | Noticed Purgy
  3523 | D:3      | Killed Purgy
  3956 | D:3      | Learned a level 3 spell: Spider Form
  4174 | D:4      | Reached skill level 5 in Unarmed Combat
  4174 | D:4      | Your scales start taking on a golden yellow colour.
  4174 | D:4      | Reached XP level 7. HP: 23/55 MP: 7/11
  4574 | D:5      | Entered Level 5 of the Dungeon
  4634 | D:5      | Found a transporter.
  4669 | D:5      | Found a transporter.
  4754 | D:5      | Found a glowing silver altar of Zin.
  4780 | D:5      | Found a staircase to the Ecumenical Temple.
  4780 | D:5      | Noticed Sigmund
  4796 | D:5      | Killed Sigmund
  4804 | Temple   | Entered the Ecumenical Temple
  4844 | Temple   | Became a worshipper of Warmaster Okawaru
  5548 | D:5      | Found a hazy altar of Hepliaklqana.
  5684 | D:6      | Reached skill level 1 in Invocations
  5921 | D:6      | Reached XP level 8. HP: 59/62 MP: 11/13
  5951 | D:6      | Noticed Jessica
  5959 | D:6      | Found a deep blue altar of Sif Muna.
  5971 | D:6      | Killed Jessica
  6171 | D:6      | Reached skill level 5 in Transmutations
  6391 | D:6      | Reached skill level 6 in Unarmed Combat
  6528 | D:6      | Reached * piety under Okawaru
  6810 | D:6      | Found Wiehabre's Assorted Antiques.
  6815 | D:6      | Bought a scroll labeled EQISET REERHU for 25 gold pieces
  6815 | D:6      | Bought a scroll labeled AWUIKO HIWY for 25 gold pieces
  6815 | D:6      | Bought a bubbling black potion for 22 gold pieces
  6815 | D:6      | Bought a scroll labeled KOENAH IRCHUMAA for 25 gold pieces
  6815 | D:6      | Bought a scroll of teleportation for 75 gold pieces
  7137 | D:7      | Reached skill level 5 in Dodging
  7216 | D:7      | Noticed Jynxie's ghost (journeyman FoAK)
  7239 | D:7      | HP: 2/66 [Jynxie's ghost (15)]
  7239 | D:7      | Slain by Jynxie's ghost

Vault maps used:
D:1:      dpeg_arrival_castle, minmay_surrounded
D:2:      nicolae_overflow_hidden_temple
D:3:      elyvilon_altar_1, marbit_many_paths, old_standard_altar, first_ration,
          cheibrodos_sewer_entry_sluice, uniq_purgy
D:5:      gammafunk_steamed_eel, zin_statuary, lemuel_doored_altar,
          minmay_temple_entry_mist, uniq_sigmund
D:6:      serial_shops, nicolae_shop_crystal, st_stairs_12, tgw_sif
D:7:      serial_shops, shop_statue, grunt_livestock
Temple:   corrupted_temple

Skill      XL: |  1  2  3  4  5  6  7  8 |
---------------+-------------------------+-----
Dodging        | 2 3 4 5 |  5.0
Unarmed Combat | 4 5 6 |  6.6
Transmutations | 3 4 5 |  5.8
Fighting       | 2 3 |  3.9
Spellcasting   | 3 |  3.9
Invocations    | 1 3 |  3.0

Action                   |  1- 3 |  4- 6 |  7- 9 || total
-------------------------+-------+-------+-------++-------
Melee: Unarmed           |   169 |   241 |   227 ||   637
       Dagger            |    21 |       |       ||    21
       Punch             |     1 |       |     3 ||     4
       Tailslap          |    16 |    23 |    36 ||    75
       Headbutt          |     4 |     9 |    15 ||    28
       Kick              |     3 |    14 |    22 ||    39
Throw: Stone             |    12 |    13 |     7 ||    32
 Cast: Beastly Appendage |    13 |    14 |    24 ||    51
       Sticks to Snakes  |       |    12 |    11 ||    23
       Spider Form       |       |       |     1 ||     1
 Abil: Breathe Acid      |       |       |    18 ||    18
  Use: Potion            |       |     3 |       ||     3
       Scroll            |       |     2 |     5 ||     7
 Stab: Sleeping          |     1 |       |     1 ||     2
  Eat: Chunk             |     3 |     6 |    10 ||    19
       Ration            |       |     1 |     1 ||     2
Armor: Skin              |    60 |    80 |    44 ||   184
Dodge: Dodged            |   154 |   187 |   153 ||   494

Table legend:
 A = Spawn XP
 B = Non-spawn XP
 C = Spawn XP percentage of total XP
 D = Spawn monster count
 E = Non-spawn monster count
 F = Spawn count percentage of total count
 G = Total turns spent on level
                    A         B        C        D         E        F      G
               +---------+---------+-------+---------+---------+-------+---------
         Total |       0 |    2563 |   0.0 |       0 |     154 |   0.0 |  7239
               +---------+---------+-------+---------+---------+-------+---------
           D:1 |       0 |      59 |   0.0 |       0 |      33 |   0.0 |  1304
           D:2 |       0 |      71 |   0.0 |       0 |      22 |   0.0 |  1257
           D:3 |       0 |     511 |   0.0 |       0 |      41 |   0.0 |  1396
           D:4 |       0 |     181 |   0.0 |       0 |       9 |   0.0 |   617
           D:5 |       0 |     488 |   0.0 |       0 |      20 |   0.0 |  1049
           D:6 |       0 |    1048 |   0.0 |       0 |      25 |   0.0 |  1431
           D:7 |       0 |     205 |   0.0 |       0 |       4 |   0.0 |   129
               +---------+---------+-------+---------+---------+-------+---------
